Map: Whispers of Gold

Players

Peter

  • Race: Terran Terran
  • League: Diamond
  • Spawn Location: 9:00

wootwoot - Winner!

  • Race: Terran Terran
  • League: Diamond
  • Spawn Location: 5:00

VOD

Have the link to the VOD?

Description

Time

  • Played on: April 3, 2025, 12:33 a.m.
  • Length: 3:57
Show
View Real Time Build Order
Export as new Build Order

Peter Terran 

Build Orders: Reaper Expand 

Get SALT Encoding   

  12  0:00  SCV  
  13  0:12  SCV  
  14  0:18  Supply Depot  
  14  0:25  SCV  
  15  0:40  SCV, Barracks  
  16  0:46  Refinery  
  16  0:52  SCV  
  17  1:12  SCV  
  18  1:24  SCV  
  19  1:31  Reaper  
  20  1:36  SCV  
  20  1:37  Command Center  
  21  1:48  SCV  
  22  2:03  Reaper  
  23  2:10  Barracks  
  23  2:20  Supply Depot  
  23  2:28  Orbital Command  
  22  2:38  Reaper  
  23  2:49  Orbital Command  
  23  2:58  Reaper  
  24  3:03  Refinery  
  24  3:10  Reaper  
  22  3:22  SCV  
  22  3:23  SCV  
Show
View Real Time Build Order
Export as new Build Order

wootwoot Terran - Winner!

Build Orders:  

Get SALT Encoding   

  12  0:01  SCV  
  13  0:13  SCV  
  14  0:21  Supply Depot  
  14  0:25  SCV  
  15  0:32  Refinery  
  15  0:43  SCV  
  16  0:52  Barracks  
  16  0:56  SCV  
  17  1:12  Barracks  
  17  1:26  Barracks  
  17  1:33  Refinery  
  17  1:39  Reaper  
  18  2:00  Reaper  
  18  2:02  Orbital Command  
  18  2:13  Reaper  
  18  2:20  Supply Depot  
  18  2:32  Reaper  
  18  2:45  Reaper  
  18  2:47  SCV  
  18  2:50  Reaper  
  21  2:59  SCV  
  21  3:04  Reaper  
  23  3:11  SCV  
  24  3:18  Reaper  
  25  3:22  Reaper  
  25  3:36  SCV  
Tags
 
Matchup
TvT
Race
Terran
Replay Pack
B2M-Replays
Spawn Locations
Cross Positions
Add a new tag
Caveats
  • Supply blocks, unpowered buildings, or Contaminate may cause inaccurate times.
  • Supply counts are checked every 10 seconds.